Cogmind - Beta 10 X2 --- EXPLORER MODE // 2020.07.18 @ 21:57:21 // Experiment/BattleRoyale Player: Minty Result: Destroyed by Alpharisk-20 with Advanced Plasma Cannon Performance ------------- Evolutions (0) 0 Regions Visited (0) 0 Robots Destroyed (0) 0 Value Destroyed (0) 0 Prototype IDs (1) 20 Alien Tech Used (0) 0 Bonus (0) 0 TOTAL SCORE: 20 Bonus ------- None Cogmind --------- Core Integrity 0/250 Matter 288/400 Energy 365/365 System Corruption 1% Temperature Cool (12) Movement Treading (190) Ox1 Location -5/Wartown Parts ------- > --- POWER (2) -------- Light Angular Momentum Engine Neutrino Core > --- PROPULSION (4) --- Armored Medium Treads > --- UTILITY (6) ------ Power Amplifier Advanced Heat Sink Medium Matter Pod Enhanced Optical Array Makeshift Sensor Array Energy Filter > --- WEAPON (3) ------- Plasma Rifle Improved Assault Rifle Heavy Flail > --- INVENTORY (4) ---- (None) Peak State ------------ > --- POWER ------------ Light Angular Momentum Engine Neutrino Core > --- PROPULSION ------- Armored Medium Treads Combat Linear Gravjet Impulse Thruster Array > --- UTILITY ---------- Power Amplifier Advanced Heat Sink Medium Matter Pod Enhanced Optical Array Makeshift Sensor Array Energy Filter > --- WEAPON ----------- Plasma Rifle Improved Assault Rifle Heavy Flail > --- INVENTORY -------- (None) [Rating: 76] Favorites ----------- Power Light Angular Momentum Engine Engine Light Angular Momentum Engine Power Core Neutrino Core Propulsion Armored Medium Treads Treads Armored Medium Treads Hover Unit Combat Linear Gravjet Flight Unit Impulse Thruster Array Utility Power Amplifier Device Power Amplifier Storage Medium Matter Pod Processor Enhanced Optical Array Weapon Plasma Rifle Energy Gun Plasma Rifle Ballistic Gun Improved Assault Rifle Impact Weapon Heavy Flail Build | -5 ------- Run | Tow Slots Evolved . | . Power . | . Propulsion . | . Utility . | . Weapon . | . Parts Attached . | . Power . | . Engine . | . Core . | . Reactor . | . Propulsion . | . Treads . | . Leg . | . Wheel . | . Hover . | . Flight . | . Utility . | . Device . | . Storage . | . Processor . | . Hackware . | . Protection . | . Artifact . | . Weapon . | . Energy Gun . | . Energy Cannon . | . Ballistic Gun . | . Ballistic Cannon . | . Launcher . | . Special Weapon . | . Impact Weapon . | . Slashing Weapon . | . Piercing Weapon . | . Special Melee Weapon . | . Unidentified Prototypes . | . Parts Lost . | . Power . | . Propulsion . | . Utility . | . Weapon . | . Highest Loss Streak . | . Average Slot Usage (%) 81 | 81 Engine 6 | 6 Core 6 | 6 Treads 6 | 6 Device 26 | 26 Storage 6 | 6 Processor 6 | 6 Energy Gun 6 | 6 Ballistic Gun 6 | 6 Impact Weapon 6 | 6 Naked Turns . | . Heaviest Build 45 | 45 Greatest Support 27 | 27 Greatest Overweight (x) 1 | 1 Average Overweight (x) 1 | 1 Largest Inventory Capacity 4 | 4 Average Capacity 4 | 4 Most Carried . | . Average Carried . | . Final Capacity 4 | 4 Final Carried . | . Class Distribution -------------------- 100% | Hacker-Mutant Dominant Class ---------------- Hacker-Mutant | -5/Wartown Resources | -5 ----------- Run | Tow Matter Collected . | . Remotely . | . Salvage Created . | . Parts . | . Haulers Intercepted . | . Recyclers Shooed . | . Parts Field Recycled . | . Retrieved Matter . | . Parts Self-Destructed . | . Prevented . | . Kills | -5 ------- Run | Tow Combat Hostiles Destroyed . | . Classes Destroyed . | . Best Kill Streak . | . Combat Bots Only . | . Max Kills in Single Turn . | . Gunslinging . | . Exploded . | . Melee . | . Uniques/NPCs Destroyed . | . Combat | -5 -------- Run | Tow Damage Taken 445 | 445 Core 258 | 258 Absorbed by Shields . | . Redirected to Core 1669 | 1669 Core Remaining (%) . | . Volleys Fired 4 | 4 Largest 2 | 2 Hottest 98 | 98 Shots Fired 8 | 8 Gun 8 | 8 Cannon . | . Launcher . | . Special . | . Kinetic 4 | 4 Thermal 4 | 4 Explosive . | . Electromagnetic . | . Robot Hit Streak 3 | 3 Robot Miss Streak 1 | 1 Penetration Max . | . Secondary Targets . | . Shots Hit Robots 7 | 7 Core Hits . | . Critical Hits . | . Critical Kills . | . Critical Parts Destroyed . | . Melee Attacks 2 | 2 Impact 2 | 2 Slashing . | . Piercing . | . Sneak Attacks . | . Combat Hostiles . | . Follow-up Attacks . | . Damage Inflicted 130 | 130 Guns 78 | 78 Cannons . | . Explosions . | . Melee 52 | 52 Ramming . | . Kinetic 34 | 34 Thermal 44 | 44 Explosive . | . Electromagnetic . | . Impact 52 | 52 Slashing . | . Piercing . | . Highest Corruption 1 | 1 Average Corruption 1 | 1 Corruption Purged . | . Overload Shots . | . Overflow Damage . | . Projectiles . | . Explosions . | . Melee . | . Knockbacks . | . Impact . | . Kinetic . | . Secondary . | . Self-Inflicted Damage . | . Shots . | . Rammed . | . Targets Rammed . | . Kicked . | . Crushed . | . Highest Temperature 123 | 123 Average Temperature 53 | 53 Received Heat Transfer 150 | 150 Siege Activations . | . Robots Corrupted . | . Combat Hostiles . | . Parts Fried . | . Impact Corruptions . | . Robots Melted . | . Combat Hostiles . | . Parts Melted . | . Heat Transferred 24 | 24 Parts Sabotaged . | . Parts Stolen . | . Parts Stripped . | . Power Chain Reactions . | . Missiles Intercepted . | . Alert | -5 ------- Run | Tow Peak Influence . | . Average Influence . | . Maximum Alert Level . | . Low Security (%) . | . Level 1 . | . Level 2 . | . Level 3 . | . Level 4 . | . Level 5 . | . High Security . | . Max Security . | . Squads Dispatched . | . Investigation . | . Extermination . | . Reinforcement . | . Assault . | . Garrison . | . Intercept . | . Construction Impeded . | . Haulers Reinforced . | . Stealth | -5 --------- Run | Tow Distress Signals . | . Communications Jammed . | . Distress Signals . | . Times Spotted 1 | 1 Peak Tracking Total 1 | 1 Tactical Retreats . | . Traps | -5 ------- Run | Tow Traps Triggered . | . Indirectly . | . Trap Hack Attempts . | . Triggered . | . Disarmed . | . Reprogrammed . | . Reused . | . Traps Extracted . | . Installed . | . Triggered . | . Machines | -5 ---------- Run | Tow Machines Disabled . | . Max in Single Turn . | . Machines Sabotaged . | . Garrisons Compromised . | . Overloaded Fab Kills . | . Fab Network Shutdowns . | . Hacking | -5 --------- Run | Tow Machines Accessed . | . Terminals . | . Fabricators . | . Repair Stations . | . Recycling Units . | . Scanalyzers . | . Garrison Access . | . Total Hacks . | . Successful . | . Failed . | . Catastrophic . | . Database Lockouts . | . Manual . | . Terminals . | . Fabricators . | . Repair Stations . | . Recycling Units . | . Scanalyzers . | . Garrison Access . | . Terminal Hacks . | . Fabricator Hacks . | . Repair Station Hacks . | . Recycling Unit Hacks . | . Scanalyzer . | . Garrison Access Hacks . | . Unauthorized Hacks . | . Terminals . | . Fabricators . | . Repair Stations . | . Recycling Units . | . Scanalyzers . | . Garrison Access . | . Data Cores Recovered . | . Used . | . Hacking Detections . | . Full Trace Events . | . Feedback Events . | . Feedback Blocked . | . Robot Schematics Acquired . | . Robots Built . | . Matter . | . Time . | . Total Robot Build Rating . | . Part Schematics Acquired . | . Parts Built . | . Matter . | . Time . | . Total Part Build Rating . | . Parts Repaired . | . Time . | . Parts Recycled . | . Recycled Matter . | . Retrieved Matter . | . Retrieved Components . | . Parts Scanalyzed . | . Part Schematics Acquired . | . Parts Damaged . | . Bothacking | -5 ------------ Run | Tow Used RIF Installer . | . Robots Hacked . | . Non-combat . | . Combat . | . Robot Hacks Applied . | . Relay Couplers Released . | . Robots Rewired . | . Allies Hacked . | . Hacks Repelled . | . Allies | -5 -------- Run | Tow Total Allies . | . Largest Group . | . Highest-Rated Group . | . Highest-Rated Ally . | . Total Orders . | . Ally Attacks . | . Total Damage . | . Kills . | . Allies Corrupted . | . Allies Melted . | . Intel | -5 ------- Run | Tow Robot Analysis Total . | . Derelict Logs Recovered . | . Drone Launches . | . Drone Recoveries . | . Exploration | -5 ------------- Run | Tow Turns Passed 70 | 70 Spaces Moved 26 | 26 Core . | . Treads 26 | 26 Legs . | . Wheels . | . Hover . | . Flight . | . Fastest Speed 190 | 190 Average Speed 190 | 190 Slowest Speed 190 | 190 Overloaded Moves . | . Propulsion Burnouts . | . Robots Hopped . | . Cave-ins Triggered . | . Exploration Rate (%) 2 | 2 Regions Visited 1 Branch Regions 1 Pre-discovered Areas . | . Known Exits Taken . | . Unknown Exits Taken . | . Scrap Searched . | . Spaces Dug . | . Terrain Destroyed . | . Melee . | . Projectile . | . AOE . | . Actions | -5 --------- Run | Tow Total 37 | 37 Wait 3 | 3 Move 26 | 26 Hop . | . Pick Up . | . Fast Attach . | . Attach . | . Detach . | . Swap . | . Drop 2 | 2 Fire 4 | 4 Melee 2 | 2 Ram . | . Kick . | . Crush . | . Escape Stasis . | . Rewire . | . Trap . | . Miscellaneous . | . Route ------- -5/Wartown History --------- Turn | Location | Event 43 | -5/Wartown | Core integrity fell below 50% 53 | -5/Wartown | Core integrity fell below 20% 71 | -5/Wartown | Destroyed by Alpharisk-20 with Advanced Plasma Cannon Last Messages --------------- Systems online... Loading variables... CORE=STABLE INTEGRATION=OK LOCATION=UNKNOWN GOAL=EXPLORE [SPECIAL MODE ACTIVATED: Experiment/BattleRoyale] 00013_ Dropped Impulse Thruster Array. 00013_ Dropped Cmb. Linear Gravjet. 00042_ Nuclear Reactor explodes. Map ----- +----------------------------------------------------+ | ?????????????????????????????????????????????????? | | ?????????????????????????????????????????????????? | | ?????????????????????????????????????????????????? | | ?????????????????????????????????????????????????? | | ?????????????????????????????????????????????????? | | ?????????????????????????????????????????????????? | | ?????????????????????????????????????????????????? | | ?????????????????????????????????????????????????? | | ?????????????????????????????????????????????????? | | ?????????????????????????????????????????????????? | | ?????????????????????????????????????????????????? | | ?????????????????????????????????????????????????? | | ?????????????????????????????????????????????????? | | ?????????????????????????????????????????????????? | | ?????????????????????????????????????????????????? | | ?????????????????????????????????? #?????????????? | | ????????? ?????????????????????? #?????????????? | | ????????? ????????????????????? #?????????????? | | ???????? ########???????????? ??????????????? | | ???????? ??????????? #?????????????? | | ???????? ??###+##### ??????????????? | | ????????? ?# # ??????????????? | | ?????????"" ?# + ??????????????? | | ?????????"" ?# # #??????????????? | | ?????? """ # # #??????????????? | | ??????? #@ # +??????????????? | | ????????""" ##@ ## #??????????????? | | ????????""" ; =??????????? | | ?????? """ # +?????? | | ????# #??? """ #?????? | | ????????""" #??????"???????? | | ????????""" #??????????????? | | ????????""" #??????????????? | | ?????? ###########????? | | ????? """ # #????? | | ?????????"" # == #????? | | ?????????"" # #????? | | ????????? ; #????? | | ??????? # """ """ #????? | | ??????? ######### # """ """ #????? | | ???????? ?????????+ # """ """ #????? | | ???????? ???????????# # #????? | | ????????????????????# ###########????? | | ????????????????????+ ??????????????? | | ????????????????????# ?????????????? | | ????????????????????# ????????????? | | ????????????????????# ????????????? | | ????????????????????# ???????????? | | ????????????????????# ????????????? | | ????????????????????# ????????????? | +----------------------------------------------------+ Best States ------------- Heat Dissipation 44 Energy Generation 37 Energy Capacity 365 Matter Stores 300 Matter Capacity 400 Sight Range 22 Robot Scan Range 22 Terrain Scan Density 10 Power Amplification 20 Resistance: KI 35 Resistance: TH 35 Resistance: EX 35 Resistance: EM 35 Resistance: I 35 Resistance: S 35 Resistance: P 35 Evasion (%) 40 Recoil Reduction 1 Energy Filtering 30 Offensive Hacking 20 Item Schematics ----------------- None Robot Schematics ------------------ None Fabricated ------------ Nothing Alien Tech Used ----------------- None Achievements -------------- None Challenges ------------ None Game ------ Seed DispersionTitaniumLeg Manual? 0 Play Time 00:01:32 Cumulative 211.5 hours Start 2020.07.18 @ 21:56:29 End 2020.07.18 @ 21:57:21 Sessions 1 Manual Loads 0 Difficulty Explorer Special Mode Experiment/BattleRoyale Game No. 120 Rogue 0 Adventurer 44 Explorer 76 Win Type - Total 4 Types 3/0/1/0/0/0/0 Lore% 53 Gallery% 79 Achievement% 58 Wizard Run 0 Options --------- ASCII 0 Keyboard 0 Movement Mouse Keybinds 0 Fullscreen 1 Font 18/TerminusBold Map View 76x50 Tactical HUD 1 Map Filters NONE Filters SATURATION(100) Steam 1 RUN: ebb4cd92-efa3-4411-b75c-a25f838dc778